AoeStats
← Real ninja7238

Black Forest

505847213Analyzed
4v4 RM · 19d ago on Sep 11, 2026· 67m 43s· 8 players
Game mode
Random Map
Map size
Large (8 player)
Population
200
Speed
Normal
Resources
Standard
Victory
Conquest
Starting age
Dark Age
Ending age
Imperial Age
RankedLock teamsTeams togetherTeam positionsShared explorationLock speedFull tech treeHidden civsTurbo modeCheats
Victory
Defeat
🇬🇷 Bohemians · Greece
709
+11
🇨🇳 Burgundians · China
673
+12
🇮🇹 Maya · Italy
624
+14
🇨🇳 Celts · China
583
+17
🇺🇸 Goths · United States
745
-19
🇨🇳 Berbers · China
574
-13
🇮🇩 Huns · Indonesia
537
-11
🇦🇺 Britons · Australia
516
-11
zero
3:59 Loom
7:15 Double-Bit Axe
10:27 Horse Collar
12:41 Feudal Age
13:39 Bow Saw
13:33 Heavy Plow
19:22 Castle Age
18:18 Gold Mining
18:20 Stone Mining
19:44 Wheelbarrow
19:59 Gold Shaft Mining
20:22 Stone Shaft Mining
20:48 Crop Rotation
21:20 Two-Man Saw
22:00 Scale Barding Armor
22:53 Hand Cart
27:17 Treadmill Crane
30:54 Imperial Age
29:06 Ballistics
28:50 Scale Mail Armor
31:39 Chain Mail Armor
32:25 Elite Coustillier
33:17 Burgundian Vineyards
33:35 Conscription
35:08 Chemistry
34:32 Chain Barding Armor
34:22 Husbandry
34:55 Forging
34:59 Masonry
35:29 Hoardings
37:04 Cavalier
38:56 Paladin
43:04 Capped Ram
44:43 Architecture
45:54 Guilds
49:59 Iron Casting
49:59 Plate Barding Armor
52:40 Flemish Revolution
54:10 Plate Mail Armor
54:41 Blast Furnace
56:08 Fletching
913093710
11:08 Feudal Age
19:17 Castle Age
17:16 Horse Collar
17:23 Double-Bit Axe
17:33 Gold Mining
18:05 Stone Mining
19:12 Scale Barding Armor
21:06 Bow Saw
20:59 Heavy Plow
23:25 Stone Shaft Mining
26:30 Wheelbarrow
27:11 Gold Shaft Mining
27:19 Forging
28:22 Hand Cart
27:54 Loom
32:18 Imperial Age
29:47 Fletching
30:18 Murder Holes
31:35 Ballistics
31:23 Husbandry
32:32 Stronghold
32:45 Cavalier
34:07 Iron Casting
33:55 Furor Celtica
34:11 Conscription
35:01 Paladin
36:19 Elite Woad Raider
38:46 Chemistry
39:10 Hoardings
39:37 Caravan
40:44 Blast Furnace
40:05 Chain Barding Armor
41:27 Bodkin Arrow
41:34 Scale Mail Armor
41:41 Capped Ram
42:53 Siege Ram
gkalounias
0:28 Loom
14:28 Feudal Age
14:52 Horse Collar
14:59 Town Watch
17:41 Wheelbarrow
16:55 Double-Bit Axe
27:01 Castle Age
30:34 Bow Saw
30:28 Heavy Plow
33:56 Fortified Wall
35:01 Caravan
35:32 Coinage
42:21 Imperial Age
43:20 Hand Cart
48:08 Two-Man Saw
50:48 Town Patrol
50:54 Padded Archer Armor
50:44 Fletching
51:05 Forging
50:55 Scale Mail Armor
51:29 Banking
51:10 Guilds
51:31 Scale Barding Armor
52:28 Chemistry
51:40 Masonry
51:10 Treadmill Crane
51:26 Murder Holes
51:22 Guard Tower
51:52 Ballistics
51:18 Arrowslits
51:39 Siege Engineers
53:51 Iron Casting
53:11 Bodkin Arrow
53:33 Leather Archer Armor
53:40 Bombard Tower
55:10 Elite Hussite Wagon
56:58 Man-at-Arms
57:24 Arson
57:39 Squires
57:00 Pikeman
58:35 Chain Mail Armor
59:22 Blast Furnace
58:22 Bracer
58:53 Ring Archer Armor
58:44 Chain Barding Armor
58:13 Long Swordsman
59:44 Two-Handed Swordsman
61:26 Keep
61:21 Architecture
61:29 Plate Mail Armor
63:04 Fervor
63:10 Block Printing
63:21 Illumination
62:56 Atonement
62:52 Herbal Medicine
63:33 Theocracy
62:58 Devotion
63:09 Redemption
63:19 Sanctity
63:20 Heresy
62:27 Champion
64:45 Halberdier
xdoppiadx
0:40 Loom
13:06 Feudal Age
14:07 Double-Bit Axe
21:18 Castle Age
19:52 Stone Mining
19:52 Horse Collar
22:24 Bow Saw
22:52 Heavy Plow
23:24 Gold Mining
27:25 Wheelbarrow
29:15 Hand Cart
31:04 Caravan
31:22 Town Watch
32:17 Town Patrol
33:14 Eagle Warrior
38:35 Imperial Age
37:47 Treadmill Crane
38:18 Fletching
38:28 Padded Archer Armor
38:29 Scale Mail Armor
39:36 Forging
39:50 Guilds
40:10 Coinage
40:05 Fortified Wall
40:56 Chemistry
41:07 Hul'che Javelineers
41:37 Holcans
41:28 Conscription
41:21 Bodkin Arrow
42:25 Crop Rotation
43:03 Two-Man Saw
42:47 Conscription
44:35 Iron Casting
44:16 Chain Mail Armor
43:55 Onager
43:57 Heavy Scorpion
45:57 Ballistics
45:28 Heated Shot
46:53 Bracer
47:09 Leather Archer Armor
48:04 Blast Furnace
47:35 Plate Mail Armor
47:22 Elite Plumed Archer
48:39 Hoardings
47:43 Capped Ram
48:58 Siege Ram
49:06 Pikeman
49:07 Elite Eagle Warrior
49:33 Arson
49:49 Squires
52:40 Ring Archer Armor
51:39 Halberdier
59:08 Elite Skirmisher
59:55 Thumb Ring
62:53 Masonry
62:34 Guard Tower
63:27 Banking
62:58 Murder Holes
andi001126
0:48 Loom
15:38 Feudal Age
18:13 Horse Collar
18:26 Double-Bit Axe
18:36 Gold Mining
18:38 Stone Mining
20:26 Man-at-Arms
26:47 Castle Age
25:23 Bloodlines
27:35 Forging
27:31 Scale Barding Armor
27:17 Fletching
28:10 Wheelbarrow
27:39 Husbandry
27:49 Heavy Plow
28:02 Bow Saw
31:41 Thumb Ring
33:00 Elite Skirmisher
35:29 Iron Casting
35:15 Chain Barding Armor
37:25 Gold Shaft Mining
36:17 Long Swordsman
37:03 Squires
36:49 Arson
40:36 Imperial Age
40:56 Elite Tarkan
44:04 Blast Furnace
43:02 Bodkin Arrow
43:59 Ballistics
44:29 Caravan
44:43 Two-Handed Swordsman
46:28 Hand Cart
46:25 Bracer
47:31 Coinage
47:04 Town Watch
47:33 Padded Archer Armor
47:42 Scale Mail Armor
47:53 Sappers
50:30 Town Patrol
53:44 Chemistry
Real ninja7238
1:31 Loom
12:57 Feudal Age
17:09 Castle Age
15:07 Double-Bit Axe
18:33 Horse Collar
18:47 Stone Mining
22:03 Bow Saw
22:21 Gold Mining
23:58 Fletching
28:18 Wheelbarrow
27:30 Town Watch
29:59 Stone Shaft Mining
31:44 Hand Cart
31:30 Town Patrol
34:18 Imperial Age
32:04 Hand Cart
34:02 Town Patrol
36:01 Chemistry
35:21 Ballistics
34:57 Murder Holes
35:36 Squires
36:10 Caravan
38:31 Two-Man Saw
37:37 Heavy Plow
38:58 Forging
38:49 Scale Mail Armor
39:58 Elite Huskarl
40:59 Conscription
40:43 Anarchy
41:34 Iron Casting
41:15 Chain Mail Armor
42:10 Perfusion
43:39 Masonry
47:43 Pikeman
52:04 Halberdier
peter1992
13:56 Feudal Age
20:19 Castle Age
23:51 Murder Holes
26:52 Double-Bit Axe
26:51 Horse Collar
32:12 Bow Saw
33:31 Fletching
33:41 Padded Archer Armor
37:46 Imperial Age
35:35 Gold Mining
35:36 Stone Mining
36:21 Caravan
36:24 Pikeman
36:50 Gambesons
37:06 Squires
36:51 Arson
39:43 Chemistry
39:05 Ballistics
38:43 Bodkin Arrow
39:04 Leather Archer Armor
38:51 Scale Mail Armor
38:15 Man-at-Arms
40:20 Two-Man Saw
40:09 Wheelbarrow
40:39 Elite Longbowman
41:41 Yeomen
40:50 Long Swordsman
41:45 Bracer
43:08 Gold Shaft Mining
42:52 Hand Cart
44:06 Conscription
44:23 Ring Archer Armor
44:09 Chain Mail Armor
43:19 Two-Handed Swordsman
45:20 Champion
趁着风起拿下你
13:53 Feudal Age
14:19 Horse Collar
14:26 Double-Bit Axe
28:38 Castle Age
27:48 Stone Mining
27:52 Gold Mining
33:17 Heavy Plow
33:57 Gold Shaft Mining
33:59 Stone Shaft Mining
33:36 Bow Saw
36:22 Wheelbarrow
37:20 Hand Cart
41:23 Imperial Age
39:05 Pikeman
39:45 Squires
39:31 Arson
40:21 Fortified Wall
39:52 Treadmill Crane
40:33 Ballistics
40:48 Caravan
41:18 Coinage
42:50 Crop Rotation
42:59 Banking
42:40 Guilds
44:30 Man-at-Arms
46:31 Long Swordsman
47:29 Scale Mail Armor
47:34 Scale Barding Armor
47:39 Forging
47:30 Padded Archer Armor
47:20 Fletching
48:27 Elite Camel Archer
49:43 Hoardings
49:09 Maghrebi Camels
49:09 Kasbah
50:14 Two-Handed Swordsman
51:30 Heavy Scorpion
51:34 Onager
51:35 Capped Ram
53:52 Chemistry
61:43 Champion
65:18 Elite Genitour
Connection lost

Rejoining the realm…

Still unreachable

The connection could not be restored.

Session expired

The server has moved on; the page needs a fresh start.